 Dungeon Crawl Stone Soup version 0.19-a0-276-g3ff07cd (webtiles) character file.

49 Ordine the Changer (level 3, -2/23 HPs)
             Began as an Octopode Transmuter on May 26, 2016.
             Slain by Jessica
             ... wielding a +1 dagger of venom
              (4 damage)
             ... on level 2 of the Dungeon.
             The game lasted 00:03:28 (1586 turns).

Ordine the Changer (Octopode Transmuter)            Turns: 1586, Time: 00:03:31

Health: -2/23      AC:  3    Str:  7    XL:     3   Next: 77%
Magic:  4/6        EV: 12    Int: 21    God:
Gold:   34         SH:  0    Dex: 12    Spells: 2 memorised, 2 levels left

rFire  . . .     SeeInvis .       - Unarmed
rCold  . . .     Gourm    .     (no shield)
rNeg   . . .     Faith    .     (helmet restricted)
rPois  .         Spirit   .     (no amulet)
rElec  .         Dismiss  .     (no ring)
rCorr  .         Reflect  .     (no ring)
SustAt .         Harm     .     (no ring)
MR     .....                    (no ring)
Stlth  ++........               (no ring)
                                (no ring)
                                (no ring)
                                (no ring)

@: brilliant, lethally poisoned (-2 -> -12), not resistant to hostile
enchantments, unstealthy
A: almost no armour, amphibious, 8 rings, constrict 8, tentacle spike 1, yellow
scales 1, camouflage 1, weak 1, gelatinous body 1
a: no special abilities


You were on level 2 of the Dungeon.
You were very hungry.

You visited 1 branch of the dungeon, and saw 2 of its levels.

You collected 34 gold pieces.

Inventory:

Missiles
 a - 58 stones (quivered)
Potions
 d - 2 potions of mutation
 g - a potion of magic {unknown}
 j - a potion of flight {unknown}
Books
 b - a book of Changes

   Spells                             Type                      Level
   a - Beastly Appendage              Transmutation                1
   b - Sticks to Snakes               Transmutation                2
   c - Spider Form                    Transmutation/Poison         3
   d - Ice Form                       Ice/Transmutation            4
   e - Blade Hands                    Transmutation                5
Comestibles
 c - a bread ration
 h - a meat ration


   Skills:
 - Level 1.0 Fighting
 - Level 2.0 Dodging
 + Level 3.4 Unarmed Combat
 - Level 2.0 Spellcasting
 * Level 3.6 Transmutations


You had 2 spell levels left.
You knew the following spells:

 Your Spells              Type           Power        Failure   Level  Hunger
a - Beastly Appendage     Tmut           ####..       1%          1    #......
b - Spider Form           Tmut/Pois      ###.......   3%          3    ###....


Dungeon Overview and Level Annotations

Branches:
Dungeon (2/15)

Altars:

Annotations:
D:2 Jessica


Innate Abilities, Weirdness & Mutations

You cannot wear most types of armour.
You are amphibious.
You can wear up to eight rings at the same time.
You can use your tentacles to constrict eight enemies at once.
Your skin changes colour to match your surroundings (Stealth+).
Your rubbery body absorbs attacks. (AC +1)
One of your tentacles bears a spike.
You are partially covered in yellow scales. (AC +2)
You are weak. (Str -2)


Message History

You feel sick.
Things that are here:
a kobold corpse; an adder corpse Your transformation has ended.
You feel sick.
You feel sick.
Jessica points at you and mumbles some strange words.
Pain shoots through your body!
Ouch! That really hurt!
* * * LOW HITPOINT WARNING * * *
Unknown command.
Unknown command.
Drink which item? (? for menu, Esc to quit)
It was a potion of brilliance.
You feel clever all of a sudden.
* * * LOW HITPOINT WARNING * * *
You feel sick.
Jessica looks very angry.
Jessica hits you with a dagger of venom.
You die...

.# <# ......
## .....
....# #...#
#... #..####
#@....#
#@.##.#
#..>..#
#†##### #.#
#.# #.#
#.#######.#.
#...........
############


You could see Jessica.

Vanquished Creatures
  A gnoll (D:1)
  An adder (D:2)
  2 giant geckos
  2 giant cockroaches
  3 goblins
  3 hobgoblins (D:1)
  4 jackals (D:1)
  A quokka (D:1)
  3 giant newts
  5 kobolds
  2 rats (D:1)
27 creatures vanquished.

Notes
Turn   | Place    | Note
--------------------------------------------------------------
     0 | D:1      | Ordine the Octopode Transmuter began the quest for the Orb.
     0 | D:1      | Reached XP level 1. HP: 13/13 MP: 3/3
   257 | D:1      | Reached XP level 2. HP: 18/18 MP: 5/5
  1061 | D:1      | Reached XP level 3. HP: 4/23 MP: 4/6
  1557 | D:2      | Noticed Jessica
  1564 | D:2      | Learned a level 3 spell: Spider Form
  1579 | D:2      | Gained mutation: One of your tentacles bears a spike. [potion of mutation]
  1579 | D:2      | Gained mutation: You are weak. (Str -2) [potion of mutation]
  1579 | D:2      | Gained mutation: You are partially covered in yellow scales. (AC +2) [potion of mutation]
  1586 | D:2      | Slain by Jessica

Vault maps used:
D:1:      roderic_chinese_lattice_arrival
D:2:      lemuel_round_altar, fedhas_altar_fruit_tree, uniq_jessica, uniq_robin

Skill      XL: |  1  2 |
---------------+-------+-----
Transmutations | 3 |  3.6
Fighting       | |  1.0
Dodging        | |  2.0
Unarmed Combat | |  3.4
Spellcasting   | |  2.0

Action                   || total
-------------------------++-------
Melee: Unarmed           ||    58
       Constrict         ||    14
       Tentacles         ||     6
       Kick              ||     7
 Cast: Beastly Appendage ||     2
       Spider Form       ||     1
  Use: Scroll            ||     3
       Potion            ||     3
 Stab: Sleeping          ||     3
  Eat: Chunk             ||     1
Armor: Skin              ||     4
Dodge: Dodged            ||    25
